 Dungeon Crawl Stone Soup version 0.19-a0-1637-gfc13266 (webtiles) character file.

42 jacquesderrida the Slasher (level 3, 18/18 HPs)
             Began as a Vine Stalker Skald on Sept 19, 2016.
             Quit the game on level 4 of the Dungeon.
             The game lasted 00:01:51 (757 turns).

jacquesderrida the Slasher (Vine Stalker Skald)      Turns: 757, Time: 00:01:51

Health: 18/18      AC:  6    Str: 11 (12) XL:     3   Next: 56%
Magic:  7/7        EV: 10    Int: 10 (12) God:
Gold:   69         SH:  0    Dex: 15 (16) Spells: 1 memorised, 5 levels left

rFire  . . .     SeeInvis .     a - +0 falchion
rCold  . . .     Gourm    .     m - +0 ring mail
rNeg   . . .     Faith    .     (no shield)
rPois  .         Spirit   +     (no helmet)
rElec  .         Dismiss  .     (no cloak)
rCorr  .         Reflect  .     (no gloves)
MR     .....     Harm     .     r - +0 pair of boots
Stlth  +.........               (no amulet)
                                (no ring)
                                j - +2 ring of dexterity

@: no status effects
A: fangs 2, hooves 1, weak 1, magic shield, antimagic bite, no device heal 3,
rot immunity, subdued magic 1
a: no special abilities


You were on level 4 of the Dungeon.
You were not hungry.

You visited 1 branch of the dungeon, and saw 4 of its levels.

You collected 69 gold pieces.

Inventory:

Hand Weapons
 a - a +0 falchion (weapon)
Armour
 b - a +0 leather armour
 m - a +0 ring mail (worn)
 r - a +0 pair of boots (worn)
Jewellery
 j - a +2 ring of dexterity (left hand)
Scrolls
 g - 2 scrolls of identify {unknown}
 i - a scroll of teleportation {unknown}
 n - a scroll of fear {unknown}
 p - 2 scrolls of remove curse {unknown}
 q - a scroll of fog {unknown}
 s - a scroll of random uselessness {unknown}
Potions
 e - 3 potions of curing
Books
 c - a book of Battle

   Spells                             Type                      Level
   a - Infusion                       Charms                       1
   b - Shroud of Golubria             Charms/Translocation         2
   c - Song of Slaying                Charms                       2
   d - Spectral Weapon                Hexes/Charms                 3
   e - Regeneration                   Charms/Necromancy            3
Comestibles
 d - 2 bread rations
 f - a meat ration
 k - a beef jerky
 o - 2 chunks of flesh


   Skills:
 - Level 1.7 Fighting
 + Level 3.4 Long Blades
 - Level 0.7 Armour
 - Level 0.7 Dodging
 - Level 2.1 Spellcasting
 - Level 3.0 Charms


You had 5 spell levels left.
You knew the following spells:

 Your Spells              Type           Power        Failure   Level  Hunger
a - Infusion              Chrm           #...         17%         1    ##.....


Dungeon Overview and Level Annotations

Branches:
Dungeon (4/15)
 Temple: D:4-7

Altars:


Innate Abilities, Weirdness & Mutations

You have extremely sharp teeth.
When hurt, damage is shared between your health and your magic reserves.
Your bite disrupts and absorbs the magic of your enemies.
Potions and wands cannot restore your health.
You are immune to rotting.
You have large cloven feet.
You are weak. (Str -2)
Your spells are a little easier to cast, but a little less powerful.


Message History

Found a scroll labeled CITUIB RIRI.
An orc comes into view. It is wielding a hand axe.
The orc shouts!
An iguana comes into view.
The iguana hisses angrily.
You see here a scroll labeled UNEFRI UXURAA.
s - a scroll labeled UNEFRI UXURAA You are no longer magically infusing your attacks.
It was a potion of curing.
That felt strangely inert.
The orc complains noisily.
It was a potion of degeneration.
There was something very wrong with that liquid.
You feel weakened.
You feel dopey.
You feel clumsy. The orc closely misses you.
You riposte.
You barely miss the orc. Your bite misses the orc.
It was a potion of mutation.
You feel extremely strange.
Your feet thicken and deform.
You feel weaker.
Your connection to magic feels subdued.
The orc misses you.
Are you sure you want to abandon this character and quit the game? (Confirm with "yes".)

#....# . #..<.# ##.#.
#....# ...#.# #....#
......# #....#######
.......######...........
................#.......
........####.<..........
.........lo@............
........####†###.$......
........# #†# #....>...
.......o# #.# #........
...?....# #..# #.#######
........##..## #.#
...........# #.#
........### #.#
.......##


You could see an iguana and an orc.

Vanquished Creatures
  2 adders (D:3)
  A dart slug (D:2)
  4 bats
  A giant cockroach (D:2)
  A goblin (D:3)
  6 jackals
  3 kobolds
  2 rats (D:2)
20 creatures vanquished.

Notes
Turn   | Place    | Note
-------+----------+-------------------------------------------
     0 | D:1      | jacquesderrida the Vine Stalker Skald began the quest for the Orb.
     0 | D:1      | Reached XP level 1. HP: 11/11 MP: 4/4
   208 | D:2      | Reached XP level 2. HP: 15/15 MP: 6/6
   447 | D:3      | Reached XP level 3. HP: 16/18 MP: 3/7
   756 | D:4      | Gained mutation: You have large cloven feet. [potion of mutation]
   756 | D:4      | Gained mutation: You are weak. (Str -2) [potion of mutation]
   756 | D:4      | Gained mutation: Your spells are a little easier to cast, but a little less powerful. [potion of mutation]
   757 | D:4      | Quit the game

Vault maps used:
D:1:      dpeg_arrival_houses_and_road
D:2:      old_standard_altar, lemuel_coloured_pillars_altar, first_bread,
          uniq_iyjb, uniq_sigmund
D:3:      grunt_ministairs_13
D:4:      lemuel_crystal_altar

Skill      XL: |  1  2 |
---------------+-------+-----
Long Blades    | 2 3 |  3.4
Fighting       | |  1.7
Armour         | |  0.7
Dodging        | |  0.7
Spellcasting   | |  2.1
Charms         | |  3.0

Action                   || total
-------------------------++-------
Melee: Falchion          ||    76
       Bite              ||    14
 Cast: Infusion          ||     3
  Use: Potion            ||     3
 Stab: Sleeping          ||     1
Armor: Leather armour    ||     8
       Ring mail         ||    13
Dodge: Dodged            ||    45
